 Dungeon Sprint DCSS version 0.28.0-43-g3370ac3207 (webtiles) character file.

Game seed: 1352256207226960688

203 boopmooplesden the Fighter (level 5, -12/56 HPs)
             Began as a Minotaur Berserker on Mar 31, 2022.
             Was a Priest of Trog.
             Mangled by a spriggan
             ... wielding a +0 rapier
              (14 damage)
             ... in the Dungeon (Sprint IV: "Fedhas' Mad Dash").
             The game lasted 00:01:05 (1408 turns).

boopmooplesden the Fighter (Minotaur Berserker)     Turns: 1408, Time: 00:01:05

Health: -12/56     AC:  2    Str: 22    XL:     5   Next: 51%
Magic:  4/4        EV: 13    Int:  4    God:    Trog [***...]
Gold:   88         SH:  0    Dex: 11    Spells: 4/4 levels left

rFire   . . .      SeeInvis .   a - +0 falchion
rCold   . . .      Faith    .   (no shield)
rNeg    . . .      Spirit   .   b - +0 animal skin
rPois   .          Reflect  .   (helmet restricted)
rElec   .          Harm     .   (no cloak)
rCorr   .          Rampage  .   (no gloves)
Will    .....      NoTele   +   (no boots)
Stlth   ++........              k - amulet of invisibility {+Inv}
HPRegen 0.18/turn               (no ring)
MPRegen 0.09/turn               (no ring)

@: hasted, very quick
A: horns 2, retaliatory headbutt
a: Renounce Religion, Evoke Invisibility, Berserk, Trog's Hand


You were in the Dungeon.
You worshipped Trog.
Trog was most pleased with you.
You visited 1 branch You collected 88 gold pieces.

Inventory:

Hand Weapons
 a - a +0 falchion (weapon)
Armour
 b - a +0 animal skin (worn)
Jewellery
 k - the amulet of invisibility (around neck) {+Inv}
   (You found it in the Dungeon)

   [amulet of nothing]

   +Inv:      It lets you turn invisible.
Scrolls
 h - a scroll of blinking
Potions
 c - a potion of curing
 d - a potion of heal wounds
 f - 2 potions of magic
 g - a potion of berserk rage
 i - a potion of might


   Skills:
 + Level 8.9 Fighting
 + Level 8.8 Long Blades
 + Level 4.5 Armour
 + Level 5.1 Dodging
 + Level 2.3 Stealth
 + Level 1.6 Evocations


You had 4 spell levels left.
You didn't know any spells.
Your spell library was empty.

Dungeon Overview and Level Annotations

Branches:
Dungeon (1/1)

Altars:
Cheibriados
Dithmenos
Elyvilon
Gozag
Hepliaklqana
Kikubaaqudgha
Makhleb
Nemelex Xobeh
Okawaru
Qazlal
Ru
Sif Muna
Trog
Uskayaw
Vehumet
Wu Jian
Xom
Yredelemnul
Zin
The Shining One
Beogh
Jiyva
Lugonu


Innate Abilities, Weirdness & Mutations

You have a pair of horns on your head.
You reflexively headbutt those who attack you in melee.


Message History

Found 7 gold pieces.
You close the door.
You feel yourself speed up.
Something unseen breaks down the door.
You hit the spriggan. Your headbutt misses the spriggan.
The spriggan is lightly wounded.
The spriggan closely misses you. The spriggan blocks your attack.
The spriggan is lightly wounded.
The spriggan hits you with a +0 rapier! The spriggan blocks your attack. x2
The spriggan is lightly wounded.
The spriggan hits you with a +0 rapier.
You barely miss the spriggan.
You headbutt the spriggan, but do no damage.
The spriggan is lightly wounded.
A scorpion comes into view.
Found 7 gold pieces.
The spriggan closely misses you. The spriggan hits you with a +0 rapier!
The scorpion stings you.
There is a broken door, spattered with blood here.
The spriggan barely misses you. The spriggan hits you with a +0 rapier.
You feel yourself speed up. The spriggan completely misses you.
The spriggan hits you with a +0 rapier! The spriggan blocks your attack.
The spriggan closely misses you.
You hit the spriggan.
The spriggan is lightly wounded.
The spriggan hits you with a +0 rapier!!
* * * LOW HITPOINT WARNING * * *
The spriggan blocks your attack.
The spriggan is lightly wounded.
You recover from your berserk rage.
The spriggan closely misses you.
You miss the spriggan. Your headbutt misses the spriggan.
The spriggan is lightly wounded.
The spriggan misses you.
You slash the spriggan!
You kill the spriggan!
Trog accepts your kill. The spriggan hits you with a +0 rapier!
You die...

######################
#.⌠._._._._.⌠.#.)is..#
'.._._._._._..'.@#..$#
#..._._._._...#..###+#
#.._._._._._..#..#
#._._._._._.⌠.####
############### #


You could see a spriggan and a scorpion.

Vanquished Creatures
  A scorpion (D)
  4 oklob saplings (D)
  A spriggan (D)
  A river rat (D)
  A rat (D)
8 creatures vanquished.

Notes
Turn   | Place    | Note
-------+----------+-------------------------------------------
     0 | D        | boopmooplesden the Minotaur Berserker began the quest for
                  | the Orb.
     0 | D        | Reached XP level 1. HP: 19/19 MP: 0/0
    10 | D        | Reached XP level 2. HP: 15/28 MP: 1/1
   186 | D        | Noticed an oklob sapling
   187 | D        | Killed an oklob sapling
   187 | D        | Reached ** piety under Trog
   188 | D        | Reached skill level 5 in Fighting
   188 | D        | Reached skill level 5 in Long Blades
   188 | D        | Reached XP level 3. HP: 22/37 MP: 2/2
   189 | D        | Noticed a scorpion
   189 | D        | Found the amulet of invisibility {+Inv}
   193 | D        | Killed a scorpion
   194 | D        | Reached XP level 4. HP: 25/47 MP: 3/3
  1071 | D        | Found an opulent altar of Gozag.
  1071 | D        | Found a hazy altar of Hepliaklqana.
  1071 | D        | Found a burning altar of Makhleb.
  1071 | D        | Found a sparkling altar of Nemelex Xobeh.
  1071 | D        | Found a snail-covered altar of Cheibriados.
  1071 | D        | Found a sacrificial altar of Ru.
  1071 | D        | Found a shimmering blue altar of Sif Muna.
  1071 | D        | Found a shimmering altar of Xom.
  1071 | D        | Found a basalt altar of Yredelemnul.
  1072 | D        | Found a viscous altar of Jiyva.
  1072 | D        | Found a bloodstained altar of Trog.
  1072 | D        | Found an ornate altar of the Wu Jian Council.
  1073 | D        | Found an iron altar of Okawaru.
  1073 | D        | Found a shadowy altar of Dithmenos.
  1073 | D        | Found a glowing silver altar of Zin.
  1074 | D        | Found an ancient bone altar of Kikubaaqudgha.
  1074 | D        | Found a hide-covered altar of Uskayaw.
  1075 | D        | Found a stormy altar of Qazlal.
  1075 | D        | Found a white marble altar of Elyvilon.
  1075 | D        | Found a glowing golden altar of the Shining One.
  1076 | D        | Found a corrupted altar of Lugonu.
  1076 | D        | Found a radiant altar of Vehumet.
  1087 | D        | Reached skill level 1 in Stealth
  1087 | D        | Reached skill level 1 in Evocations
  1087 | D        | Reached XP level 5. HP: 24/56 MP: 2/4
  1372 | D        | Reached *** piety under Trog
  1373 | D        | Reached skill level 5 in Dodging
  1405 | D        | HP: 2/56 [spriggan/+0 rapier (18)]
  1408 | D        | Mangled by a spriggan

Illustrated notes

Levels and vault maps discovered:
D:        dungeon_sprint_fedhas [sprint_temple]

Skill      XL: |  1  2  3  4  5 |
---------------+----------------+-----
Fighting       | 4 5 7 8 |  8.9
Long Blades    | 4 5 7 8 |  8.8
Armour         | 3 4 |  4.5
Dodging        | 3 4 5 |  5.1
Stealth        | 1 2 |  2.3
Evocations     | 1 |  1.6

Action                   |  1- 3 |  4- 6 || total
-------------------------+-------+-------++-------
Melee: Falchion          |    13 |    25 ||    38
       Headbutt          |     2 |     7 ||     9
Invok: Berserk           |     1 |     2 ||     3
 Abil: Evoke Invisibilit |       |     3 ||     3
  Use: Scroll            |       |     1 ||     1
       Potion            |       |     1 ||     1
 Stab: Invisible         |       |     4 ||     4
       Sleeping          |       |     1 ||     1
Armor: Animal skin       |     2 |       ||     2
Dodge: Dodged            |     5 |     8 ||    13
